 Dungeon Crawl Stone Soup version 0.18.1-50-g88ac8fd (webtiles) character file.

175 Gianozzolo the Changer (level 5, -3/44 HPs)
             Began as a Naga Transmuter on Nov 23, 2017.
             Slain by Duvessa
             ... wielding a +0 short sword
              (7 damage)
             ... on level 4 of the Dungeon.
             The game lasted 00:04:56 (1989 turns).

Gianozzolo the Changer (Naga Transmuter)            Turns: 1989, Time: 00:04:57

Health: -3/44      AC:  2    Str: 13    XL:     5   Next: 55%
Magic:  3/8        EV: 19    Int: 14    God:
Gold:   146        SH:  0    Dex: 16    Spells: 2 memorised, 4 levels left

rFire  . . .     SeeInvis +       - Unarmed
rCold  . . .     Gourm    .     (armour currently unavailable)
rNeg   . . .     Faith    .     (shield currently unavailable)
rPois  x         Spirit   .     (helmet currently unavailable)
rElec  .         Dismiss  .     (cloak currently unavailable)
rCorr  .         Reflect  .     (gloves currently unavailable)
SustAt .         Harm     .     (no barding)
MR     .....                    (no amulet)
Stlth  +.........               (no ring)
                                (no ring)

@: spider-form, very slightly contaminated, not resistant to hostile
enchantments, very unstealthy
A: see invisible, (deformed body), (poison resistance), (slowness 0), slow
metabolism 1, spit poison 2, AC +1
a: Spit Poison, End Transformation


You were on level 4 of the Dungeon.
You were not hungry.
You were a venomous arachnid creature.
You visited 1 branch of the dungeon, and saw 4 of its levels.

You collected 146 gold pieces.

Inventory:

Armour
 b - a +0 robe (melded)
 r - a +0 naga barding (melded)
Jewellery
 j - a +2 ring of evasion {unknown}
Scrolls
 a - 6 scrolls of noise {unknown}
 f - 5 scrolls of identify {unknown}
 g - 4 scrolls of remove curse {unknown}
 n - a scroll of enchant weapon {unknown}
 o - a scroll of enchant armour {unknown}
 p - a scroll of teleportation {unknown}
 u - a scroll of immolation {unknown}
 v - a scroll of blinking {unknown}
Potions
 e - a potion of heal wounds {unknown}
 h - a potion of agility
 k - a potion of curing {unknown}
 l - a potion of ambrosia {unknown}
 m - a potion of degeneration {unknown}
 s - a potion of flight {unknown}
 t - a potion of mutation {unknown}
Books
 c - a book of Changes

   Spells                             Type                      Level
   a - Beastly Appendage              Transmutation                1
   b - Sticks to Snakes               Transmutation                2
   c - Spider Form                    Transmutation/Poison         3
   d - Ice Form                       Ice/Transmutation            4
   e - Blade Hands                    Transmutation                5
Comestibles
 d - 4 bread rations
 i - 2 meat rations
 q - 4 chunks of flesh


   Skills:
 - Level 1.0 Fighting
 - Level 1.5 Dodging
 + Level 4.0 Unarmed Combat
 - Level 2.0 Spellcasting
 * Level 4.4 Transmutations
 - Level 2.0 Poison Magic


You had 4 spell levels left.
You knew the following spells:

 Your Spells              Type           Power        Failure   Level  Hunger
a - Beastly Appendage     Trmt           ##....       14%         1    ##.....
b - Spider Form           Trmt/Pois      ##........   41%         3    ####...


Dungeon Overview and Level Annotations

Branches:
Dungeon (4/15)
 Temple: D:4-7

Altars:
Dithmenos
Vehumet
The Shining One

Annotations:
D:4 Dowan, Duvessa


Innate Abilities, Weirdness & Mutations

You cannot wear boots.
((Your serpentine skin is tough (AC +1).))
You have supernaturally acute eyesight.
((Armour fits poorly on your strangely shaped body.))
((Your system is resistant to poisons.))
((You cover ground very slowly.))
You have a slow metabolism.
You can spit poison.


Message History

The puff of frost hits you!
You hit Duvessa.
Duvessa is heavily wounded.
You have got your breath back.
Duvessa hits you with a short sword.
* * * LOW HITPOINT WARNING * * *
Duvessa barely misses you. Dowan hits you with a dagger.
* * * LOW HITPOINT WARNING * * *
You hit Duvessa but do no damage.
Duvessa is heavily wounded.
Duvessa hits you with a short sword.
* * * LOW HITPOINT WARNING * * *
You barely miss Duvessa.
Duvessa is heavily wounded.
Dowan closely misses you. Duvessa hits you with a short sword.
* * * LOW HITPOINT WARNING * * *
You barely miss Duvessa.
Duvessa is severely wounded.
Duvessa hits you with a short sword!
You die...

.. ... ...# ... ...
....# ...) ... ....#
...##.# ####.)..###
.(..# #.........# #..##
#.........#
#..####.........# #####
#.ese...........#
......#.####..........#
#......##.........#
##...#..#.....!.$.#
#....####.#.........#
#.### #.#.........# #.
##.##.####...# ..
##......# .⌠.# #
##...###.# ..#


You could see Duvessa and Dowan.

Vanquished Creatures
  A centaur skeleton (D:4)
  2 orc wizards (D:3)
  2 adders (D:2)
  An ooze (D:1)
  3 worms
  2 dart slugs (D:1)
  3 giant geckos
  2 orcs (D:3)
  3 giant cockroaches
  4 goblins
  4 hobgoblins
  4 jackals (D:3)
  12 kobolds
  2 quokkas
  8 bats
  A giant newt (D:2)
  6 rats
60 creatures vanquished.

Notes
Turn   | Place    | Note
--------------------------------------------------------------
     0 | D:1      | Gianozzolo the Naga Transmuter began the quest for the Orb.
     0 | D:1      | Reached XP level 1. HP: 18/18 MP: 3/3
   192 | D:1      | Reached XP level 2. HP: 12/25 MP: 5/5
   369 | D:1      | Reached XP level 3. HP: 20/31 MP: 6/6
   374 | D:1      | Learned a level 3 spell: Spider Form
   604 | D:2      | Reached skill level 1 in Poison Magic
   723 | D:2      | Reached XP level 4. HP: 34/38 MP: 7/7
  1577 | D:3      | Found a radiant altar of Vehumet.
  1582 | D:3      | Found a shadowy altar of Dithmenos.
  1589 | D:3      | Found a glowing golden altar of the Shining One.
  1724 | D:3      | Reached XP level 5. HP: 43/44 MP: 6/8
  1971 | D:4      | Noticed Duvessa
  1971 | D:4      | Noticed Dowan
  1989 | D:4      | Slain by Duvessa

Skill      XL: |  1  2  3  4  5 |
---------------+----------------+-----
Transmutations | 3 4 |  4.4
Poison Magic   | 1 2 |  2.0
Unarmed Combat | 4 |  4.0
Fighting       | |  1.0
Dodging        | |  1.5
Spellcasting   | |  2.0

Action                   |  1- 3 |  4- 6 || total
-------------------------+-------+-------++-------
Melee: Unarmed           |    82 |   108 ||   190
       Headbutt          |     1 |     5 ||     6
       Punch             |     1 |     2 ||     3
 Cast: Beastly Appendage |     8 |     4 ||    12
       Spider Form       |       |     3 ||     3
 Abil: Spit Poison       |    11 |    13 ||    24
  Eat: Chunk             |       |     5 ||     5
Armor: Robe              |    22 |    32 ||    54
Dodge: Dodged            |    49 |    63 ||   112
